 Dungeon Crawl Stone Soup version 0.30.1-4-g462c640d31 (webtiles) character file.

Game seed: 15229805416059467058

7083 spardeous the Protected (level 11, -7/83 HPs)
             Began as a Gnoll Wanderer on Aug 23, 2023.
             Was a Believer of Okawaru.
             Mangled by a slime creature (9 damage)
             ... on level 9 of the Dungeon.
             The game lasted 00:25:45 (12668 turns).

spardeous the Protected (Gnoll Wanderer)           Turns: 12668, Time: 00:25:45

Health: -7/83      AC: 16    Str: 14    XL:     11   Next: 9%
Magic:  20/20      EV: 17    Int:  9    God:    Okawaru [**....]
Gold:   626        SH:  7    Dex: 16    Spells: 22/22 levels left

rFire   + . .        R - +2 flail
rCold   + . .        c - +0 buckler
rNeg    . . .        b - +0 chain mail
rPois   .            x - +0 helmet
rElec   .            O - scarf {rC+ rF+}
rCorr   .            (no gloves)
SInv    .            q - +0 pair of boots
Will    .....        y - amulet of magic regeneration
Stlth   +++          M - +5 ring of evasion
HPRegen 0.33/turn    (no ring)
MPRegen 0.57/turn

%: no passive effects
@: heroic
A: fangs 1, strong nose, distributed training
a: Renounce Religion, Heroism


You were on level 9 of the Dungeon.
You worshipped Okawaru.
Okawaru was pleased with you.
You visited 2 branches of the dungeon, and saw 10 of its levels.
You also visited: Sewer and Ossuary.

You collected 626 gold pieces.

Inventory:

Hand Weapons
 w - a +4 short sword of freezing
 R - a +2 flail (weapon)
Armour
 a - +0 acid dragon scales
 b - a +0 chain mail (worn)
 c - a +0 buckler (worn)
 q - a +0 pair of boots (worn)
 x - a +0 helmet (worn)
 L - a scarf of repulsion
 O - a scarf of resistance (worn)
Jewellery
 y - an amulet of magic regeneration (around neck)
 M - a +5 ring of evasion (left hand)
Wands
 E - a wand of roots (7)
 N - a wand of flame (14)
 P - a wand of polymorph (10)
Scrolls
 d - a scroll of vulnerability
 e - a scroll of fear
 f - 8 scrolls of teleportation
 g - 3 scrolls of amnesia
 i - 4 scrolls of fog
 j - 2 scrolls of enchant weapon
 p - 5 scrolls of enchant armour
 z - a scroll of butterflies
 D - 3 scrolls of magic mapping
 G - a scroll of poison
 J - a scroll of brand weapon
 Q - 3 scrolls of identify
Potions
 h - a potion of brilliance {unknown}
 m - a potion of lignification
 n - 5 potions of attraction
 o - 4 potions of magic
 s - 4 potions of might {unknown}
 t - 2 potions of degeneration {unknown}
 u - a potion of mutation
 A - a potion of berserk rage {unknown}
 B - 3 potions of flight {unknown}
 C - 2 potions of ambrosia {unknown}
 F - a potion of curing
 H - a potion of cancellation {unknown}
 I - 2 potions of heal wounds {unknown}
 K - a potion of invisibility


   Skills:
 + Level 6.7(11.7) Fighting
 + Level 7.8(12.8) Short Blades
 + Level 6.2(11.2) Long Blades
 + Level 6.2(11.2) Axes
 + Level 6.2(11.2) Maces & Flails
 + Level 6.2(11.2) Polearms
 + Level 6.2(11.2) Staves
 + Level 6.2(11.2) Ranged Weapons
 + Level 6.2(11.2) Throwing
 + Level 9.1(14.1) Armour
 + Level 6.2(11.2) Dodging
 + Level 7.5(12.5) Stealth
 + Level 7.8(12.8) Shields
 + Level 6.2(11.2) Unarmed Combat
 + Level 6.2 Spellcasting
 + Level 5.1 Conjurations
 + Level 5.1 Hexes
 + Level 5.1 Summonings
 + Level 5.1 Necromancy
 + Level 5.1 Translocations
 + Level 5.1 Transmutations
 + Level 5.1 Fire Magic
 + Level 5.1 Ice Magic
 + Level 5.1 Air Magic
 + Level 5.1 Earth Magic
 + Level 5.1 Poison Magic
 + Level 6.8 Invocations
 + Level 6.2 Evocations


You had 22 spell levels left.
You didn't know any spells.
Your spell library contained the following spells:

 Spells                   Type           Power      Damage    Failure   Level
 Apportation              Tloc           24%        N/A       24%         1
 Portal Projectile        Hex/Tloc       24%        N/A       58%         3
 Alistair's Intoxication  Tmut/Pois      8%         N/A       100%        5
 Blade Hands              Tmut           6%         N/A       100%        5
 Tukima's Dance           Hex            Unusable   N/A       N/A         3

Dungeon Overview and Level Annotations

Branches:
Dungeon (9/15)             Temple (1/1) D:6           Sewer (visited)
Ossuary (visited)
   Lair: D:8-11         Orc: D:9-12

Altars:
Ashenzari
Cheibriados
Dithmenos
Elyvilon
Fedhas
Gozag
Hepliaklqana
Kikubaaqudgha
Makhleb
Nemelex Xobeh
Okawaru
Qazlal
Ru
Sif Muna
Trog
Vehumet
Wu Jian
Xom
Yredelemnul
Zin
The Shining One

Shops:
D:6 !(

Annotations:
D:6 1 runed translucent door, Fractals's ghost, novice DrAr
D:7 3 runed translucent doors, Pikel; turdburglar's ghost, novice DsNe


Innate Abilities, Weirdness & Mutations

You have very sharp teeth.
Your uncanny sense of smell can sniff out nearby items.
Your experience applies equally to all skills.


Message History

You sock the slime creature!
The slime creature is heavily wounded.
The slime creature closely misses you.
Unknown command.
You hit the slime creature but do no damage.
The slime creature is heavily wounded.
The slime creature hits you.
* * * LOW HITPOINT WARNING * * *
You take 1 damage, and have 15/83 hp.
Unknown command.
You gain the combat prowess of a mighty hero.
Okawaru will no longer gift you throwing weapons.
The slime creature hits you but does no damage.
You now have 18/20 mp.
You sock the slime creature!
The slime creature is heavily wounded.
The slime creature barely misses you.
You hit the slime creature.
The slime creature is severely wounded.
The slime creature closely misses you.
Unknown command.
You hit the slime creature.
The slime creature is severely wounded.
The slime creature hits you!
* * * LOW HITPOINT WARNING * * *
You take 15 damage, and have 1/83 hp.
MP restored: 20 You hit the slime creature.
The slime creature is severely wounded.
The slime creature hits you but does no damage.
Unknown command.
Okay, then.
Okay, then.
Okay, then.
Aiming: Throw Flame
Press: ? - help, Shift-Dir - straight line, f - slime creature
Aim: a slime creature (severely wounded, 94% to hit)
The puff of flame misses the slime creature.
The slime creature hits you!
You die...

#####..#.#.#.#.#.#∆ ∆#.#.# #..#
.#.#.#.## # #.#.# #..# #.#.#.# ∆
.#∆ ##.#####.#### ####.# # ###
#.##.......# ..... . #.# . ..#
#.##.......# ....#.. #.# . #.#
#.##.......# ..#...# #.# . #.#
#.###)###+###....... #.# #
#.####.#....#...@J.# #.#
#.##...##.)D#.).##....... #.#
#..#.#.##'#+#+#+# ..#...# #.#
#......##.#.#.#D##....#.. #.####
#....).#....)....#..... . #.....
#....#.#####################...#.
#....#)......................#.#.
#...†.................##.........
#...#################..'.........


You could see a slime creature.

Vanquished Creatures
  A troll (D:9)
  Grinder (D:3)
  Sigmund (D:6)
  A shadow (D:9)
  6 yaks (D:8)
  3 wyverns
  A steam dragon (D:8)
  Eustachio (D:4)
  2 vampire mosquitoes (D:9)
  2 acid dragons (D:9)
  Pargi (Sewer)
  2 ice beasts
  2 sky beasts
  A hornet zombie (D:7)
  2 orc warriors (D:9)
  6 centaurs
  4 lemures (D:7)
  2 phantoms
  6 kobold brigands
  A wyvern zombie (D:7)
  3 scorpions
  4 bullfrogs
  2 gnoll sergeants (D:9)
  5 wights
  8 killer bees
  2 howler monkeys
  An electric eel (D:6)
  5 hounds
  2 gnoll boudas
  4 orc priests
  2 jellies
  2 sleepcaps
  3 iguanas
  6 orc wizards
  13 mummies (Ossuary)
  Robin (D:3)
  4 adders
  15 gnolls
  A shadow imp (D:6)
  A white imp (D:6)
  2 ufetubi
  4 worms
  5 dart slugs
  13 orcs
  9 endoplasms
  7 giant cockroaches
  17 goblins
  6 hobgoblins
  12 quokkas
  11 ball pythons
  3 bats
  12 frilled lizards
  3 gnoll skeletons (Ossuary)
  2 goblin skeletons (Ossuary)
  20 kobolds
  A kobold skeleton (Ossuary)
  A kobold zombie (D:7)
  2 orc skeletons (Ossuary)
  An orc zombie (D:7)
  2 rats (D:2)
  11 rat skeletons (Ossuary)
274 creatures vanquished.

Notes
Turn   | Place    | Note
-------+----------+-------------------------------------------
     0 | D:1      | spardeous the Gnoll Wanderer began the quest for the Orb.
     0 | D:1      | spardeous set off with the following items: a +0 short
                  | sword, a +0 chain mail, a +0 buckler, a scroll of
                  | vulnerability.
     0 | D:1      | Reached XP level 1. HP: 17/17 MP: 1/1
   157 | D:1      | Reached XP level 2. HP: 21/23 MP: 2/2
   388 | D:1      | Reached XP level 3. HP: 27/28 MP: 3/3
   619 | D:1      | Reached skill level 1 in Invocations
   641 | D:1      | Reached skill level 1 in Long Blades
   641 | D:1      | Reached skill level 1 in Axes
   641 | D:1      | Reached skill level 1 in Maces & Flails
   641 | D:1      | Reached skill level 1 in Polearms
   641 | D:1      | Reached skill level 1 in Staves
   641 | D:1      | Reached skill level 1 in Ranged Weapons
   641 | D:1      | Reached skill level 1 in Throwing
   641 | D:1      | Reached skill level 1 in Dodging
   641 | D:1      | Reached skill level 1 in Unarmed Combat
   641 | D:1      | Reached skill level 1 in Spellcasting
   641 | D:1      | Reached skill level 1 in Evocations
   705 | D:2      | Reached XP level 4. HP: 11/34 MP: 5/5
   705 | D:2      | Noticed a shining eye
   857 | D:2      | Noticed an eye of devastation
   858 | D:2      | Found a faded altar of an unknown god.
   865 | D:2      | Noticed a shining eye
   872 | D:2      | Noticed a golden eye
  1485 | D:3      | Reached skill level 1 in Conjurations
  1485 | D:3      | Reached skill level 1 in Hexes
  1485 | D:3      | Reached skill level 1 in Summonings
  1485 | D:3      | Reached skill level 1 in Necromancy
  1485 | D:3      | Reached skill level 1 in Translocations
  1485 | D:3      | Reached skill level 1 in Transmutations
  1485 | D:3      | Reached skill level 1 in Fire Magic
  1485 | D:3      | Reached skill level 1 in Ice Magic
  1485 | D:3      | Reached skill level 1 in Air Magic
  1485 | D:3      | Reached skill level 1 in Earth Magic
  1485 | D:3      | Reached skill level 1 in Poison Magic
  1535 | D:3      | Found a glowing drain.
  1602 | Sewer    | Entered a sewer
  1885 | Sewer    | Noticed Pargi
  1909 | Sewer    | Killed Pargi
  1910 | Sewer    | Reached XP level 5. HP: 11/41 MP: 5/7
  2204 | D:3      | Noticed Robin
  2255 | D:3      | Killed Robin
  2256 | D:3      | Reached XP level 6. HP: 33/47 MP: 8/8
  2285 | D:3      | HP: 2/47 [iguana (6)]
  2313 | D:3      | Reached skill level 5 in Short Blades
  2313 | D:3      | Reached skill level 5 in Shields
  2519 | D:3      | Noticed Grinder
  2526 | D:3      | Paralysed by Grinder for 5 turns
  2542 | D:3      | Paralysed by Grinder for 4 turns
  2659 | D:3      | Paralysed by Grinder for 3 turns
  2671 | D:3      | Paralysed by Grinder for 5 turns
  2684 | D:3      | Killed Grinder
  2685 | D:3      | Reached skill level 7 in Armour
  2685 | D:3      | Reached XP level 7. HP: 39/52 MP: 10/10
  2979 | D:3      | Found a snail-covered altar of Cheibriados.
  3146 | D:4      | Reached skill level 5 in Stealth
  3391 | D:4      | Noticed Eustachio
  3516 | D:4      | Killed Eustachio
  3697 | D:4      | Found a broken altar of Ashenzari.
  3981 | D:5      | Entered Level 5 of the Dungeon
  4006 | D:4      | Reached XP level 8. HP: 46/60 MP: 12/12
  4870 | D:5      | You fall into a shaft and drop 3 floors!
  4984 | D:8      | Found a shadowy altar of Dithmenos.
  5040 | D:8      | Noticed a yak
  5040 | D:8      | Noticed a yak
  5040 | D:8      | Noticed a yak
  5040 | D:8      | Noticed a yak
  5103 | D:8      | Killed a yak
  5114 | D:8      | Killed a yak
  5366 | D:8      | Reached XP level 9. HP: 41/67 MP: 13/15
  5481 | D:8      | Noticed a two-headed ogre
  5588 | D:7      | Reached skill level 5 in Fighting
  5626 | D:7      | Found a sand-covered staircase.
  5655 | D:7      | Reached skill level 8 in Armour
  5656 | D:7      | Noticed Pikel
  5693 | Ossuary  | Entered an ossuary
  6290 | Ossuary  | Reached skill level 5 in Invocations
  6722 | D:7      | Found a runed translucent gate.
  6722 | D:7      | Found a runed translucent gate.
  6722 | D:7      | Found a runed translucent gate.
  6722 | D:7      | Noticed turdburglar's ghost (novice DsNe)
  6797 | D:7      | Found a basalt altar of Yredelemnul.
  6968 | D:7      | Found an ornate altar of the Wu Jian Council.
  7082 | D:6      | Found a staircase to the Ecumenical Temple.
  7104 | Temple   | Entered the Ecumenical Temple
  7278 | Temple   | Became a worshipper of Warmaster Okawaru
  7715 | D:6      | Noticed Sigmund
  7736 | D:6      | Killed Sigmund
  7737 | D:6      | Reached skill level 5 in Long Blades
  7737 | D:6      | Reached skill level 5 in Axes
  7737 | D:6      | Reached skill level 5 in Maces & Flails
  7737 | D:6      | Reached skill level 5 in Polearms
  7737 | D:6      | Reached skill level 5 in Staves
  7737 | D:6      | Reached skill level 5 in Ranged Weapons
  7737 | D:6      | Reached skill level 5 in Throwing
  7737 | D:6      | Reached skill level 5 in Dodging
  7737 | D:6      | Reached skill level 5 in Unarmed Combat
  7737 | D:6      | Reached skill level 5 in Spellcasting
  7737 | D:6      | Reached skill level 5 in Evocations
  7737 | D:6      | Reached XP level 10. HP: 46/76 MP: 17/17
  7926 | D:6      | Found Pamo's Antique Weapon Shoppe.
  7928 | D:6      | Found Humom's Distillery.
  8083 | D:6      | Found a runed translucent door.
  8138 | D:6      | Noticed a two-headed ogre
  8362 | D:6      | Noticed Fractals's ghost (novice DrAr)
  8409 | D:6      | Found a sacrificial altar of Ru.
  8978 | D:5      | Found a hazy altar of Hepliaklqana.
  9435 | D:8      | Reached * piety under Okawaru
 10933 | D:9      | Reached ** piety under Okawaru
 11981 | D:9      | HP: 1/77 [something (31)]
 12118 | D:9      | Reached skill level 9 in Armour
 12385 | D:9      | Reached skill level 5 in Conjurations
 12385 | D:9      | Reached skill level 5 in Hexes
 12385 | D:9      | Reached skill level 5 in Summonings
 12385 | D:9      | Reached skill level 5 in Necromancy
 12385 | D:9      | Reached skill level 5 in Translocations
 12385 | D:9      | Reached skill level 5 in Transmutations
 12385 | D:9      | Reached skill level 5 in Fire Magic
 12385 | D:9      | Reached skill level 5 in Ice Magic
 12385 | D:9      | Reached skill level 5 in Air Magic
 12385 | D:9      | Reached skill level 5 in Earth Magic
 12385 | D:9      | Reached skill level 5 in Poison Magic
 12395 | D:9      | Reached XP level 11. HP: 40/83 MP: 20/20
 12596 | D:9      | Reached *** piety under Okawaru
 12605 | D:9      | Noticed a seven-headed hydra
 12666 | D:9      | HP: 1/83 [slime creature (15)]
 12668 | D:9      | Mangled by a slime creature

Illustrated notes

Levels and vault maps discovered:
D:1:      lightli_arrival_chessboard, layout_rooms, minmay_pentomino_t4
D:2:      layout_rooms, hellmonk_ecumenical_altar_watching_god,
          dreamdust_mushroom_princess, minmay_misc_feat_x, minmay_cupped
D:3:      layout_basic, lemuel_doored_altar, portal_sewer_entry_f,
          nrook_campfire, uniq_grinder, uniq_robin
D:4:      layout_loops_ring, mainiacjoe_overflow_boulevard, serial_rivers,
          chequers_serial_rivers_small_b, chequers_serial_rivers_marsh,
          chequers_serial_rivers_small_b, chequers_serial_rivers_room_a,
          chequers_serial_rivers_large_b, chequers_serial_rivers_room_b,
          minivault_4, chequers_serial_rivers_small_3, uniq_eustachio
D:5:      layout_basic, marbit_many_paths
D:6:      layout_gridville, nicolae_ru_path_of_blood, minmay_temple_entry_trees,
          ebering_ghost_sewer_d, nicolae_wooded_promenade, uniq_sigmund
D:7:      layout_cave_pools, nicolae_yredelemnul_ghost_church,
          lemuel_round_altar, enter_ossuary_3, uniq_pikel
D:8:      layout_loops_corners, mainiacjoe_overflow_24_doors,
          dreamdust_wishing_well
D:9:      minmay_the_grid_3x2 [minmay_the_grid_tree,
          minmay_the_grid_stretched_grid, minmay_the_grid_outer_diamond,
          minmay_the_grid_pillar_ring, minmay_the_grid_x,
          minmay_the_grid_prize_trominoes], layout_basic
Temple:   nicolae_temple_bog_church

Skill      XL: |  1  2  3  4  5  6  7  8  9 10 |
---------------+-------------------------------+-----
Invocations    | 1 2 3 4 5 6 |  6.8
Long Blades    | 1 2 3 4 5 6 |  6.2
Axes           | 1 2 3 4 5 6 |  6.2
Maces & Flails | 1 2 3 4 5 6 |  6.2
Polearms       | 1 2 3 4 5 6 |  6.2
Staves         | 1 2 3 4 5 6 |  6.2
Ranged Weapons | 1 2 3 4 5 6 |  6.2
Throwing       | 1 2 3 4 5 6 |  6.2
Dodging        | 1 2 3 4 5 6 |  6.2
Unarmed Combat | 1 2 3 4 5 6 |  6.2
Spellcasting   | 1 2 3 4 5 6 |  6.2
Evocations     | 1 2 3 4 5 6 |  6.2
Conjurations   | 1 2 3 4 5 |  5.1
Hexes          | 1 2 3 4 5 |  5.1
Summonings     | 1 2 3 4 5 |  5.1
Necromancy     | 1 2 3 4 5 |  5.1
Translocations | 1 2 3 4 5 |  5.1
Transmutations | 1 2 3 4 5 |  5.1
Fire Magic     | 1 2 3 4 5 |  5.1
Ice Magic      | 1 2 3 4 5 |  5.1
Air Magic      | 1 2 3 4 5 |  5.1
Earth Magic    | 1 2 3 4 5 |  5.1
Poison Magic   | 1 2 3 4 5 |  5.1
Fighting       | 3 4 5 6 |  6.7
Short Blades   | 5 6 7 |  7.8
Shields        | 5 6 7 |  7.8
Armour         | 7 8 9 |  9.1
Stealth        | 5 6 7 |  7.5

Action                     |  1- 3 |  4- 6 |  7- 9 | 10-12 || total
---------------------------+-------+-------+-------+-------++-------
  Melee: Short sword       |    80 |    78 |   752 |   335 ||  1245
         Bite              |    12 |    49 |   115 |    71 ||   247
         Dagger            |    50 |   306 |       |       ||   356
         Spear             |       |    15 |       |       ||    15
         Flail             |       |       |       |   186 ||   186
 Invoke: Heroism           |       |       |       |     3 ||     3
  Evoke: Wand              |       |       |       |     4 ||     4
    Use: Scroll            |       |     3 |     6 |     5 ||    14
         Potion            |       |     2 |     2 |     3 ||     7
 Armour: Chain mail        |    63 |   273 |   299 |   192 ||   827
         Skin              |       |       |       |     3 ||     3
  Dodge: Dodged            |    35 |   116 |   214 |   257 ||   622
         Repelled          |       |       |       |     1 ||     1
  Block: Buckler           |    23 |   117 |   149 |   116 ||   405
